 Dungeon Crawl Stone Soup version 0.23-a0-635-g88ca12a (webtiles) character file.

53 Leeroy the Charmwright (level 3, -6/29 HPs)
             Began as a Draconian Skald on Dec 27, 2018.
             Splashed by a jelly's acid (9 damage)
             ... on level 2 of the Dungeon.
             The game lasted 00:03:36 (1448 turns).

Leeroy the Charmwright (Draconian Skald)            Turns: 1448, Time: 00:03:37

Health: -6/29      AC: -7    Str: 13    XL:     3   Next: 62%
Magic:  6/6        EV: 12    Int: 14    God:
Gold:   72         SH:  0    Dex: 10    Spells: 5/6 levels left

rFire    . . .     SeeInvis .   a - +0 falchion
rCold    . . .     Gourm    .   (no shield)
rNeg     . . .     Faith    .   (armour unavailable)
rPois    .         Spirit   .   (helmet restricted)
rElec    .         Reflect  .   (no cloak)
rCorr    .         Harm     .   (no gloves)
MR       .....                  (no boots)
Stlth    +.........             (no amulet)
HPRegen  0.09/turn              (no ring)
MPRegen  0.10/turn              (no ring)

@: corroded
A: unfitting armour, cold-blooded, AC +5
a: no special abilities


You were on level 2 of the Dungeon.
You were hungry.

You visited 1 branch of the dungeon, and saw 2 of its levels.

You collected 72 gold pieces.

Inventory:

Hand Weapons
 a - a +0 falchion (weapon)
 d - a +0 dagger
 e - a +0 hunting sling
 j - a +0 hand axe
Missiles
 h - 18 poisoned needles
 l - 39 arrows
 n - 12 bolts
Jewellery
 b - an uncursed ring of see invisible {unknown}
Scrolls
 f - 2 scrolls of teleportation {unknown}
 k - a scroll of remove curse {unknown}
Potions
 g - a potion of heal wounds {unknown}
 i - 4 potions of curing
 m - a potion of flight {unknown}
Comestibles
 c - 3 rations


   Skills:
 - Level 2.2 Fighting
 * Level 2.9 Long Blades
 - Level 2.3 Dodging
 + Level 0.1 Stealth
 + Level 2.3 Spellcasting
 + Level 3.2 Charms


You had 5 spell levels left.
You knew the following spells:

 Your Spells              Type           Power        Failure   Level  Hunger
a - Infusion              Chrm           ##..         6%          1    #......

Your spell library contained the following spells:

 Spells                   Type           Power        Failure   Level  Hunger
 Song of Slaying          Chrm           ##......     9%          2    ###....
 Shroud of Golubria       Chrm/Tloc      #.........   19%         2    ###....
 Regeneration             Chrm/Necr      #.........   34%         3    ###....
 Spectral Weapon          Hex/Chrm       #.......     34%         3    ###....


Dungeon Overview and Level Annotations

Branches:
Dungeon (2/15)

Altars:


Innate Abilities, Weirdness & Mutations

Your plain brown scales are hard. (AC +5)
You cannot fit into any form of body armour.
You are cold-blooded and may be slowed by cold attacks.


Message History

The jelly is severely wounded.
You hit the jelly but do no damage.
Your hands burn!
The jelly is severely wounded.
The jelly hits you.
You are splashed with acid!
The acid burns!
* * * LOW HITPOINT WARNING * * *
Unknown command.
It was a potion of curing.
You feel better. The jelly barely misses you.
You riposte.
You hit the jelly.
You tail-slap the jelly, but do no damage.
The jelly is almost dead.
You hit the jelly. The acid corrodes you!
Your hands burn!
The jelly is almost dead.
The jelly barely misses you.
You hit the jelly but do no damage. The acid corrodes you!
Your hands burn!
* * * LOW HITPOINT WARNING * * *
The jelly is almost dead.
The jelly hits you.
* * * LOW HITPOINT WARNING * * *
You are splashed with acid!
The acid burns!
You die...

..............
#..........#
#......[...#
#..........+
#........s.#
#.....†....#
#.....w....#
########.### ####
#..@Jws# ........#
#.###### ........#
#.####### ........+
#.#.....# ........#
#.'.....#
.......#+###.....#
#..............#
#..............####
#..........##.....#


You could see a worm, a jelly and a giant cockroach.

Vanquished Creatures
  A gnoll (D:1)
  An adder (D:2)
  A dart slug (D:1)
  3 leopard geckos
  5 bats (D:1)
  A giant cockroach (D:2)
  4 goblins (D:1)
  3 hobgoblins (D:1)
  A ball python (D:1)
  4 frilled lizards
  3 kobolds (D:1)
  6 rats (D:1)
33 creatures vanquished.

Notes
Turn   | Place    | Note
-------+----------+-------------------------------------------
     0 | D:1      | Leeroy the Draconian Skald began the quest for the Orb.
     0 | D:1      | Reached XP level 1. HP: 17/17 MP: 3/3
   115 | D:1      | Reached skill level 3 in Charms
   115 | D:1      | Reached XP level 2. HP: 8/24 MP: 5/5
   663 | D:1      | Reached XP level 3. HP: 9/29 MP: 6/6
  1448 | D:2      | Splashed by a jelly's acid

Vault maps used:
D:1:      dpeg_arrival_rhombus

Skill      XL: |  1 |
---------------+----+-----
Charms         | 3 |  3.2
Fighting       | |  2.2
Long Blades    | |  2.9
Dodging        | |  2.3
Stealth        | |  0.1
Spellcasting   | |  2.3

Action                   || total
-------------------------++-------
Melee: Falchion          ||   104
       Tailslap          ||    15
  Use: Potion            ||     1
  Eat: Chunk             ||     1
Armor: Skin              ||    39
Dodge: Dodged            ||    95
       Rpst.: Falchion   ||    30

Table legend:
 A = Non-vault XP
 B = Vault XP
 C = Vault XP percentage of total XP
 D = Non-vault monster count
 E = Vault monster count
 F = Vault count percentage of total count
                 A         B        C        D         E       F
            +---------+---------+-------+---------+---------+-------
      Total |      76 |       0 |   0.0 |      33 |       0 |   0.0
            +---------+---------+-------+---------+---------+-------
        D:1 |      57 |       0 |   0.0 |      29 |       0 |   0.0
        D:2 |      19 |       0 |   0.0 |       4 |       0 |   0.0
            +---------+---------+-------+---------+---------+-------
